 Dungeon Crawl Stone Soup version 0.17.1-1-g73c8601 (webtiles) character file.

7 ololoev the Skirmisher (level 1, -2/27 HPs)
             Began as a Demonspawn Fighter on Dec 23, 2015.
             Slain by an adder (3 damage)
             ... on level 2 of the Dungeon.
             The game lasted 00:01:47 (329 turns).

ololoev the Skirmisher (Demonspawn Fighter)          Turns: 329, Time: 00:01:47

Health: -2/27      AC: 20    Str: 14 (16) XL:     1   Next: 83%
Magic:  1/1        EV:  2    Int:  9      God:
Gold:   0          SH:  8    Dex: 12      Spells: 0 memorised, 0 levels left

rFire  . . .     SeeInvis .     a - +0 war axe
rCold  . . .     Clarity  .     (armour currently unavailable)
rNeg   + + +     SustAt   .     c - +0 shield
rPois  +         Gourm    .     (helmet currently unavailable)
rElec  .         Spirit   .     (cloak currently unavailable)
rCorr  .         Warding  .     (gloves currently unavailable)
rMut   .         NoTele   +     (boots currently unavailable)
MR     .....                    (no amulet)
Stlth  +.........               (no ring)
                                (no ring)

@: tree-form, not resistant to hostile enchantments, very unstealthy
A: no striking features
a: no special abilities

Inventory:

Hand Weapons
 a - a +0 war axe (weapon)
Armour
 b - a +0 scale mail (melded)
 c - a +0 shield (worn)
Scrolls
 h - 2 scrolls of identify {unknown}
 i - a scroll of remove curse {unknown}
Potions
 d - a potion of might
Comestibles
 e - a bread ration


   Skills:
 - Level 3.0 Fighting
 * Level 2.4 Axes
 - Level 2.6 Armour
 - Level 2.6 Shields


You couldn't memorise any spells.
You didn't know any spells.


You were on level 2 of the Dungeon.
You were not hungry.
You were a tree.
You visited 1 branch of the dungeon, and saw 2 of its levels.

#.....#..<...#
#.....#......#
#.....#......# #
#.....#......#
#.##............#
........<.......######
.#.#.#.#.##............
#......#........#######.
......S♣###.#..#..≈≈≈..#
.#.#....# #.#.#..≈...≈..
#.##.# #..#...≈._.≈.. #
#.. ..#.#..≈...≈..
####.....#..≈≈≈..#
#....#.#######. #....##
# ####

Notes
Turn   | Place    | Note
--------------------------------------------------------------
     0 | D:1      | ololoev the Demonspawn Fighter began the quest for the Orb.
     0 | D:1      | Reached XP level 1. HP: 18/18 MP: 1/1
   272 | D:2      | Found a sacrificial altar of Ru.
   329 | D:2      | Slain by an adder

Dungeon Overview and Level Annotations

Branches:
Dungeon (2/15)

Altars:
Ru


Message History

You block the adder's attack. x2
You completely miss the adder.
The adder is moderately wounded.
You feel sick. The adder closely misses you. The adder completely misses you.
Your shield prevents you from hitting the adder.
The adder is moderately wounded.
The adder completely misses you. The adder bites you but does no damage.
You closely miss the adder.
The adder is moderately wounded.
The adder bites you but does no damage. x2
You closely miss the adder.
The adder is moderately wounded.
You feel sick.
You are no longer poisoned.
The adder barely misses you.
You closely miss the adder.
The adder is moderately wounded.
You block the adder's attack. x2
You completely miss the adder.
The adder is moderately wounded.
The adder bites you. The adder bites you but does no damage.
You closely miss the adder.
The adder is moderately wounded.
The adder bites you. You block the adder's attack.
You closely miss the adder.
The adder is moderately wounded.
The adder closely misses you. The adder bites you but does no damage.
Drink which item? (? for menu, Esc to quit)
It was a potion of lignification.
You turn into a tree.
Your +0 scale mail melds into your body.
Your roots penetrate the ground.
The adder bites you but does no damage.
Drink which item? (? for menu, Esc to quit)
It was a potion of degeneration.
There was something very wrong with that liquid.
You feel weakened. You block the adder's attack.
You slash the adder!
The adder is almost dead.
The adder bites you.
You die...

You could see an adder.

Vanquished Creatures
  2 bats (D:1)
  A hobgoblin (D:1)
  2 giant newts (D:1)
  2 kobolds (D:1)
  A rat (D:1)
8 creatures vanquished.

Action                   || total
-------------------------++-------
Melee: War axe           ||    55
  Use: Potion            ||     2

Vault maps used:
D:1:      dpeg_arrival_round_a, minmay_hedge_maze, nemelex_diamond_rough_becter
D:2:      nicolae_ru_awakened_eye, first_bread
